 Dungeon Crawl Stone Soup version 0.17.1-1-g73c8601 (webtiles) character file.

9461 lucasterio the Bludgeoner (level 11, 0/82 HPs)
             Began as a Minotaur Berserker on Dec 14, 2015.
             Was the Champion of Trog.
             Succumbed to a killer bee's poison
             ... on level 10 of the Dungeon.
             The game lasted 00:46:51 (10547 turns).

lucasterio the Bludgeoner (Minotaur Berserker)     Turns: 10547, Time: 00:46:51

Health: 0/82       AC: 20    Str: 25    XL:     11   Next: 23%
Magic:  0/10       EV:  8    Int:  4    God:    Trog [******]
Gold:   795        SH:  0    Dex: 10    Spells: 0 memorised, 10 levels left

rFire  . . .     SeeInvis +     j - +2 dire flail
rCold  . . .     Clarity  .     N - +0 plate armour
rNeg   . . .     SustAt   .     (shield currently unavailable)
rPois  .         Gourm    .     (helmet restricted)
rElec  .         Spirit   +     D - +0 cloak
rCorr  .         Warding  .     V - +0 pair of gloves
rMut   .         Stasis   .     X - +0 pair of boots
MR     +....                    E - amulet of guardian spirit
Stlth  ..........               G - ring of protection from magic
                                i - ring of see invisible

@: lethally poisoned (0 -> -2), exhausted, slowed, very slow, somewhat resistant
to hostile enchantments, extremely unstealthy
A: retaliatory headbutt, horns 2
a: Berserk, Trog's Hand, Brothers in Arms, Burn Spellbooks, Renounce Religion


You were on level 10 of the Dungeon.
You worshipped Trog.
Trog was exalted by your worship.
You were near starving.

You visited 1 branch of the dungeon, and saw 10 of its levels.
You also visited: Sewer.

You collected 795 gold pieces.

Inventory:

Hand Weapons
 j - a +2 dire flail (weapon)
 m - a +2 morningstar
 u - a +0 whip of electrocution
 A - a +0 whip of freezing
 I - a +2 shortbow of freezing
 S - a +5 longbow of evasion
Missiles
 k - 253 arrows
Armour
 D - a +0 cloak (worn)
 H - a +0 scale mail
 J - the +1 leather armour "Kiwny" {rF+}
   (You found it on level 6 of the Dungeon)

   It protects you from fire.
 N - a +0 plate armour (worn)
 P - a +2 ring mail of magic resistance
 T - a +2 shield
 V - a +0 pair of gloves (worn)
 X - a +0 pair of boots (worn)
Jewellery
 i - a ring of see invisible (left hand)
 p - an uncursed ring of fire
 t - an uncursed amulet of warding
 E - an amulet of guardian spirit (around neck)
 G - a ring of protection from magic (right hand)
Wands
 Q - a wand of hasting (0)
Scrolls
 a - 2 scrolls of amnesia {unknown}
 b - 3 scrolls of fear {unknown}
 d - a scroll of recharging {unknown}
 g - 4 scrolls of enchant weapon {unknown}
 n - 9 scrolls of identify
 o - 4 scrolls of magic mapping {unknown}
 q - 4 scrolls of remove curse
 r - 2 scrolls of immolation {unknown}
 v - 2 scrolls of enchant armour {unknown}
 y - a scroll of random uselessness {unknown}
 z - a scroll of teleportation {unknown}
 B - a scroll of noise {unknown}
 C - 2 scrolls of fog {unknown}
 F - a scroll of blinking {unknown}
Potions
 e - 2 potions of might
 f - 8 potions of curing
 h - 2 potions of magic
 l - 2 potions of invisibility {unknown}
 w - a potion of degeneration {unknown}
 K - 3 potions of brilliance {unknown}
 L - a potion of cancellation {unknown}
 O - a potion of agility {unknown}
 R - a potion of lignification {unknown}
 U - a potion of poison {unknown}
Comestibles
 c - 5 bread rations
 s - 9 fruits
 x - 6 beef jerkies
 M - 2 chunks of flesh
 W - 7 slices of pizza
 Y - a meat ration


   Skills:
 - Level 3.6 Fighting
 * Level 16.4 Maces & Flails
 + Level 12.1 Armour
 - Level 2.1 Dodging


You had 10 spell levels left.
You didn't know any spells.

Dungeon Overview and Level Annotations

Branches:
Dungeon (10/15)            Temple (0/1) D:6            Lair (0/8) D:9
    Orc: D:9-12

Altars:
Cheibriados
Dithmenos
Fedhas
Kikubaaqudgha
Makhleb
Nemelex Xobeh
Okawaru
Sif Muna
Vehumet
Xom
Yredelemnul
Zin
The Shining One

Shops:
D:9 :


Innate Abilities, Weirdness & Mutations

You reflexively headbutt those who attack you in melee.
You have a pair of horns on your head.


Message History

You feel sick.
You closely miss the steam dragon. Your headbutt misses the steam dragon.
The steam dragon is almost dead.
The steam dragon breathes steam at you. The ball of steam hits you!
* * * LOW HITPOINT WARNING * * *
* * * LOW HITPOINT WARNING * * *
You feel sick.
The steam dragon bites you but does no damage.
The steam dragon claws you.
* * * LOW HITPOINT WARNING * * *
You hit the steam dragon.
The steam dragon is almost dead.
* * * LOW HITPOINT WARNING * * *
You feel sick. The steam dragon barely misses you.
The steam dragon claws you but does no damage.
You sock the steam dragon!
You kill the steam dragon!
Trog accepts your kill.
You die...

.Y..Y .Y.. ..Y y. #.. ...##..
.......#############
....................
.........†††........
..########@.########
.########..###############
..........................
#........................
#.............).#########
#...............#
#########............)..#
........................#########
.................................


There were no monsters in sight!

Vanquished Creatures
  Erica (D:8)
  Pikel (D:4)
  Joseph (D:7)
  A gargoyle (D:7)
  Duvessa (D:4)
  Grinder (D:4)
  Prince Ribbit (D:5)
  12 yaks
  A deep elf mage (D:10)
  A steam dragon (D:10)
  A human (D:7)
  A water moccasin (D:8)
  3 orc warriors
  2 ice beasts
  2 sky beasts
  2 phantoms
  4 ogres
  A black bear (D:6)
  7 centaurs
  2 gnoll sergeants (D:7)
  5 giant frogs
  3 big kobolds
  Dowan (D:4)
  9 killer bees
  4 wights (D:8)
  5 scorpions
  3 crimson imps
  2 giant frog zombies
  4 hounds
  4 orc priests
  A centaur zombie (D:7)
  4 jellies
  A giant frog skeleton (D:7)
  3 centaur skeletons
  5 orc wizards
  Crazy Yiuf (D:3)
  A gnoll shaman (D:7)
  Natasha (twice) (D:4)
  3 iguanas
  5 worker ants
  4 sheep (D:7)
  A killer bee zombie (D:9)
  A worker ant zombie (D:8)
  15 adders
  17 gnolls
  3 shadow imps
  17 oozes
  A worm (D:3)
  18 giant geckos
  26 orcs
  10 ball pythons
  6 bats
  12 giant cockroaches
  8 goblins
  16 hobgoblins
  19 jackals
  6 quokkas
  3 giant gecko skeletons
  18 giant newts
  14 kobolds
  2 quokka skeletons
  9 rats
  A plant (D:7)
339 creatures vanquished.

Vanquished Creatures (others)
  4 slaves (D:4)
  2 worker ants (D:4)
  Natasha (D:4)
  A giant gecko (D:4)
8 creatures vanquished.

Grand Total: 347 creatures vanquished

Notes
Turn   | Place    | Note
--------------------------------------------------------------
     0 | D:1      | lucasterio the Minotaur Berserker began the quest for the Orb.
     0 | D:1      | Reached XP level 1. HP: 19/19 MP: 0/0
   445 | D:1      | Reached skill level 4 in Maces & Flails
   445 | D:1      | Reached XP level 2. HP: 21/26 MP: 1/1
   681 | D:1      | Reached ** piety under Trog
   681 | D:1      | Reached XP level 3. HP: 29/31 MP: 2/2
   953 | D:2      | Found a snail-covered altar of Cheibriados.
  1195 | D:2      | Found a basalt altar of Yredelemnul.
  1224 | D:2      | Reached skill level 5 in Maces & Flails
  1229 | D:2      | Reached XP level 4. HP: 35/39 MP: 3/3
  2083 | D:3      | Reached XP level 5. HP: 42/45 MP: 4/4
  2142 | D:3      | Reached *** piety under Trog
  2163 | D:3      | Reached skill level 6 in Maces & Flails
  2189 | D:3      | Noticed Crazy Yiuf
  2197 | D:3      | Killed Crazy Yiuf
  2234 | D:3      | Found a glowing drain.
  2267 | Sewer    | Entered a sewer
  2443 | Sewer    | Reached **** piety under Trog
  2475 | Sewer    | Reached XP level 6. HP: 47/51 MP: 5/5
  2501 | Sewer    | Reached skill level 7 in Maces & Flails
  2582 | Sewer    | Reached skill level 5 in Armour
  2740 | Sewer    | Received a gift from Trog
  3245 | D:4      | Noticed Natasha
  3251 | D:4      | Killed Natasha
  3251 | D:4      | Reached skill level 8 in Maces & Flails
  3268 | D:4      | Reached XP level 7. HP: 54/57 MP: 6/6
  3501 | D:4      | Noticed Grinder
  3536 | D:4      | Killed Grinder
  3536 | D:4      | Reached skill level 9 in Maces & Flails
  3561 | D:4      | Noticed Pikel
  3569 | D:4      | Killed Pikel
  3569 | D:4      | Reached skill level 10 in Maces & Flails
  3569 | D:4      | Reached XP level 8. HP: 23/64 MP: 7/7
  3772 | D:4      | Killed Natasha
  3990 | D:4      | Noticed Natasha
  3998 | D:4      | Killed Natasha
  4035 | D:4      | Found a shadowy altar of Dithmenos.
  4060 | D:4      | Found a glowing silver altar of Zin.
  4167 | D:4      | Noticed Duvessa
  4168 | D:4      | Noticed Dowan
  4172 | D:4      | Killed Duvessa
  4176 | D:4      | Killed Dowan
  4176 | D:4      | Reached ***** piety under Trog
  4467 | D:5      | Entered Level 5 of the Dungeon
  4753 | D:5      | Reached skill level 11 in Maces & Flails
  4904 | D:5      | Noticed Prince Ribbit
  4922 | D:5      | Killed Prince Ribbit
  4922 | D:5      | Reached XP level 9. HP: 57/70 MP: 8/8
  5361 | D:5      | Reached skill level 12 in Maces & Flails
  5495 | D:5      | Found a glowing golden altar of the Shining One.
  5645 | D:6      | Found Irokacay's Food Boutique.
  5727 | D:6      | Found a radiant altar of Vehumet.
  5830 | D:6      | Found a staircase to the Ecumenical Temple.
  5860 | D:6      | Got a shimmering leather armour
  5871 | D:6      | Identified the +1 leather armour "Kiwny" {rF+} (You found it on level 6 of the Dungeon)
  6182 | D:6      | Found a deep blue altar of Sif Muna.
  6187 | D:6      | Found a blossoming altar of Fedhas.
  6336 | D:7      | Reached skill level 13 in Maces & Flails
  6765 | D:7      | Noticed a gargoyle
  6785 | D:7      | Killed a gargoyle
  6785 | D:7      | Reached skill level 10 in Armour
  7090 | D:7      | Noticed Joseph
  7126 | D:7      | Killed Joseph
  7126 | D:7      | Reached XP level 10. HP: 31/77 MP: 9/9
  7496 | D:7      | Found a sparkling altar of Nemelex Xobeh.
  7567 | D:7      | Reached skill level 14 in Maces & Flails
  8178 | D:7      | Received a gift from Trog
  8585 | D:7      | Found an iron altar of Okawaru.
  8908 | D:8      | Noticed Erica
  8932 | D:8      | Killed Erica
  8932 | D:8      | Reached skill level 15 in Maces & Flails
  9343 | D:8      | Found a shimmering altar of Xom.
  9344 | D:8      | Found a burning altar of Makhleb.
  9522 | D:8      | Found an ancient bone altar of Kikubaaqudgha.
  9935 | D:9      | Reached XP level 11. HP: 58/82 MP: 8/10
 10087 | D:9      | Found Bykoluri's Book Boutique.
 10155 | D:9      | Reached skill level 16 in Maces & Flails
 10237 | D:9      | Found a shadowy altar of Dithmenos.
 10299 | D:9      | Found a staircase to the Lair.
 10323 | D:10     | Entered Level 10 of the Dungeon
 10501 | D:10     | Received a gift from Trog
 10532 | D:10     | Reached ****** piety under Trog
 10543 | D:10     | HP: 3/82 [steam dragon/ball of steam (9)]
 10544 | D:10     | HP: 1/82 [steam dragon (1)]
 10547 | D:10     | Succumbed to a killer bee's poison

Action                   |  1- 3 |  4- 6 |  7- 9 | 10-12 || total
-------------------------+-------+-------+-------+-------++-------
Melee: Mace              |    52 |       |       |       ||    52
       Flail             |     8 |     3 |       |       ||    11
       Whip              |       |   258 |   283 |   265 ||   806
       Dire flail        |       |       |       |   186 ||   186
 Fire: Shortbow          |       |       |     4 |       ||     4
Invok: Berserk           |     1 |       |     4 |     3 ||     8
       Burn Spellbooks   |       |     1 |       |     2 ||     3
       Trog's Hand       |       |       |       |     1 ||     1
  Use: Scroll            |       |       |       |     2 ||     2
 Stab: Sleeping          |     1 |       |       |       ||     1
  Eat: Chunk             |     1 |     8 |    11 |    13 ||    33
       Meat ration       |       |       |     1 |       ||     1
